Map: King Sejong Station LE

Players

blackxored

  • Race: Zerg Zerg
  • League: Diamond

TheKichLing - Winner!

  • Race: Protoss Protoss
  • League: Silver

VOD

Have the link to the VOD?

Description

Time

  • Played on: June 19, 2016, 2:55 p.m.
  • Length: 15:39
Show
View Real Time Build Order
Export as new Build Order

blackxored Zerg 

Build Orders: Hatch First 

Get SALT Encoding   

  12  0:01  Drone  
  13  0:08  Drone  
  14  0:21  Overlord  
  14  0:26  Extractor  
  14  0:28  Drone  
  15  0:41  Drone x2  
  17  0:54  Hatchery  
  16  0:57  Drone  
  16  1:00  Drone  
  18  1:12  Extractor  
  18  1:15  Spawning Pool  
  18  1:17  Drone  
  17  1:20  Drone  
  18  1:28  Drone  
  19  1:39  Drone  
  20  1:53  Overlord  
  20  2:01  Hatchery  
  20  2:04  Zergling x2  
  20  2:07  Queen  
  22  2:20  Zergling x6  
  25  2:27  Queen  
  27  2:33  Metabolic Boost  
  27  2:37  Drone  
  28  2:52  Drone  
  28  2:53  Drone x4  
  33  3:02  Overlord  
  33  3:09  Pneumatized Carapace  
  33  3:12  Drone x2  
  35  3:28  Drone  
  35  3:29  Drone x6  
  42  3:34  Extractor  
  42  3:39  Roach Warren, Drone  
  41  3:42  Drone  
  41  3:45  Drone  
  41  3:46  Drone  
  44  3:48  Drone  
  44  3:55  Lair  
  45  4:02  Drone  
  46  4:06  Queen  
  48  4:20  Roach  
  48  4:21  Overlord x2  
  48  4:22  Overlord x2  
  50  4:29  Extractor, Drone  
  50  4:31  Extractor, Drone  
  50  4:42  Drone x4  
  50  4:45  Drone x2  
  56  4:47  Roach x2  
  56  4:48  Roach x2  
  64  4:53  Overseer  
  64  4:57  Drone  
  64  4:59  Hydralisk Den, Roach x3  
  73  5:07  Roach x2  
  75  5:14  Roach x3  
  75  5:19  Roach  
  81  5:30  Glial Reconstitution  
  67  6:00  Roach x8  
  79  6:11  Drone x4  
  79  6:16  Overlord x3  
  76  6:42  Drone x9  
  84  6:55  Evolution Chamber  
  84  6:56  Infestation Pit  
  84  7:00  Drone x5  
  87  7:06  Queen  
  88  7:10  Ravager x6  
  88  7:11  Ravager  
  88  7:14  Queen  
  97  7:17  Overseer  
  97  7:20  Drone x2  
  97  7:22  Drone  
  100  7:24  Drone  
  100  7:26  Drone  
  102  7:41  Zerg Missile Weapons Level 1  
  102  7:43  Evolution Chamber  
  101  7:47  Muscular Augments  
  101  7:48  Queen  
  101  7:49  Drone x2  
  85  8:27  Zergling x24  
  94  8:50  Zergling x6  
  97  8:57  Overlord x3  
  97  9:01  Hive  
  95  9:03  Drone x3  
  85  9:16  Zergling x6  
  75  9:22  Hydralisk x3  
  72  9:28  Hydralisk x2  
  73  9:32  Hydralisk x4, Spine Crawler  
  73  9:37  Zergling x4  
  73  9:38  Zergling x8  
  86  9:44  Hydralisk  
  86  9:45  Hydralisk  
  90  9:52  Hydralisk  
  90  9:56  Hydralisk x2  
  93  10:01  Hydralisk x3  
  93  10:02  Hydralisk x2  
  95  10:08  Roach x2  
  95  10:11  Zergling x4  
  101  10:16  Hydralisk  
  101  10:20  Hydralisk  
  101  10:21  Hydralisk  
  105  10:28  Drone x4  
  92  10:44  Roach x5  
  92  10:48  Hydralisk  
  102  10:51  Zergling x4  
  104  10:59  Queen  
  104  11:01  Hydralisk  
  104  11:02  Hydralisk  
  110  11:08  Ravager x3  
  110  11:09  Ravager  
  114  11:18  Hydralisk x2  
  114  11:19  Hydralisk x2  
  122  11:26  Extractor  
  122  11:27  Drone  
  122  11:28  Extractor  
  122  11:29  Overlord x3  
  121  11:35  Spire  
  120  11:40  Zergling x4  
  122  11:55  Adrenal Glands  
  122  11:56  Zergling x8  
  126  12:06  Hatchery  
  125  12:14  Zergling x6  
  125  12:15  Zergling x14  
  134  12:16  Zergling x2  
  131  12:40  Drone x3  
  131  12:41  Drone x4  
  138  12:45  Overlord x2  
  138  12:47  Overlord  
  138  12:49  Greater Spire  
  138  13:10  Drone x11  
  145  13:23  Hydralisk x5  
  145  13:24  Hydralisk x3  
  155  13:43  Hydralisk x6  
  155  13:44  Hydralisk  
  165  13:50  Drone x2  
  148  14:18  Corruptor x3  
  148  14:19  Corruptor x3, Hatchery  
  131  14:44  Overseer  
  131  14:45  Hydralisk x3  
  94  15:15  Roach x5  
Show
View Real Time Build Order
Export as new Build Order

TheKichLing Protoss - Winner!

Build Orders: 1 Gate Expand 

Get SALT Encoding   

  12  0:01  Probe (Chrono Boost)  
  13  0:12  Probe (Chrono Boost)  
  14  0:21  Pylon  
  14  0:23  Probe (Chrono Boost)  
  15  0:40  Gateway, Probe (Chrono Boost)  
  16  0:46  Assimilator  
  16  0:50  Probe (Chrono Boost)  
  17  1:01  Probe (Chrono Boost)  
  18  1:11  Probe (Chrono Boost)  
  19  1:24  Nexus  
  19  1:37  Cybernetics Core  
  19  1:43  Probe (Chrono Boost)  
  20  1:48  Pylon  
  20  1:54  Probe (Chrono Boost)  
  21  2:04  Probe (Chrono Boost)  
  22  2:14  Adept, Warp Gate  
  22  2:15  Mothership Core (Chrono Boost)  
  26  2:32  Assimilator  
  26  2:33  Probe (Chrono Boost)  
  27  2:41  Adept  
  30  2:44  Probe (Chrono Boost)  
  30  2:48  Probe (Chrono Boost)  
  31  2:54  Probe (Chrono Boost)  
  32  2:59  Probe (Chrono Boost)  
  32  3:05  Probe (Chrono Boost)  
  34  3:08  Twilight Council  
  34  3:12  Adept  
  36  3:13  Gateway  
  36  3:15  Gateway  
  36  3:26  Pylon  
  36  3:31  Probe (Chrono Boost)  
  36  3:33  Probe (Chrono Boost)  
  37  3:42  Probe (Chrono Boost)  
  37  3:44  Resonating Glaives (Chrono Boost), Probe (Chrono Boost)  
  39  3:52  Probe (Chrono Boost)  
  39  3:54  Probe (Chrono Boost)  
  42  4:03  Probe (Chrono Boost)  
  42  4:05  Probe (Chrono Boost)  
  42  4:08  Robotics Facility  
  43  4:13  Probe (Chrono Boost)  
  43  4:15  Probe (Chrono Boost)  
  43  4:16  Pylon  
  45  4:18  Adept x2  
  45  4:19  Adept  
  52  4:24  Probe x2  
  53  4:32  Pylon  
  53  4:51  Pylon  
  53  4:53  Probe  
  53  4:56  Adept x3  
  60  5:05  Probe  
  60  5:06  Probe  
  61  5:11  Observer, Assimilator  
  62  6:11  Probe  
  62  6:12  Adept x3  
  62  6:13  Immortal  
  62  6:15  Blink (Chrono Boost)  
  70  6:19  Robotics Bay  
  70  6:21  Gateway, Assimilator  
  70  6:24  Gateway  
  66  6:38  Probe  
  67  6:45  Stalker x3  
  69  6:53  Immortal (Chrono Boost)  
  71  6:56  Probe  
  72  7:11  Nexus, Pylon  
  72  7:12  Stalker x2  
  72  7:13  Stalker  
  72  7:14  Pylon  
  78  7:18  Pylon  
  78  7:24  Pylon  
  78  7:26  Pylon  
  78  7:31  Colossus (Chrono Boost)  
  78  7:36  Forge  
  84  7:39  Stalker x3  
  84  7:40  Stalker  
  92  8:04  Zealot x3  
  98  8:06  Stalker x2  
  98  8:09  Protoss Ground Weapons Level 1  
  88  8:37  Stalker x4  
  88  8:38  Stalker  
  90  8:52  Colossus (Chrono Boost)  
  90  8:54  Probe  
  97  8:57  Pylon  
  97  9:00  Pylon  
  91  9:14  Stalker x2  
  91  9:15  Stalker x3  
  97  9:19  Probe  
  97  9:20  Probe  
  99  9:28  Photon Cannon  
  99  9:30  Gateway x2  
  99  9:32  Probe x2  
  99  9:33  Gateway, Probe  
  102  9:39  Assimilator  
  102  9:42  Probe  
  102  9:45  Assimilator, Probe x2  
  104  9:50  Warp Prism (Chrono Boost)  
  107  9:53  Probe  
  102  10:17  Stalker x3  
  102  10:18  Dark Shrine, Stalker x2  
  102  10:20  Pylon, Probe x2  
  113  10:21  Probe  
  115  10:29  Stalker  
  115  10:30  Stalker x2  
  121  10:38  Templar Archives  
  113  10:47  Extended Thermal Lance  
  113  10:49  Zealot x5  
  123  10:59  Mothership Core  
  123  11:01  Probe  
  123  11:02  Probe  
  127  11:05  Zealot x3  
  133  11:13  Protoss Ground Weapons Level 2  
  133  11:14  Charge, Probe  
  133  11:15  Psionic Storm  
  134  11:32  Disruptor (Chrono Boost)  
  137  11:45  High Templar x2  
  141  11:53  Pylon  
  141  12:11  Probe  
  141  12:12  Zealot  
  144  12:15  Nexus  
  144  12:22  High Templar  
  146  12:23  High Templar  
  146  12:28  Pylon  
  146  12:29  Pylon  
  148  12:34  Probe  
  149  12:41  Archon  
  149  12:45  Probe  
  149  12:49  Pylon  
  149  12:50  Pylon  
  150  12:54  Photon Cannon  
  150  12:55  Photon Cannon, Probe  
  150  12:57  Photon Cannon  
  151  13:05  Zealot  
  153  13:10  Assimilator  
  153  13:13  Assimilator, Disruptor (Chrono Boost)  
  153  13:14  Zealot x2  
  153  13:15  Stalker x4  
  153  13:16  Stalker  
  170  13:34  Adept x3  
  172  14:01  Zealot  
  172  14:02  Zealot  
  164  14:31  Zealot x3  
  166  14:32  Dark Templar x2  
  166  14:33  Dark Templar  
  162  14:58  Warp Prism (Chrono Boost)  
Tags
 
Add a new tag
Caveats
  • Supply blocks, unpowered buildings, or Contaminate may cause inaccurate times.
  • Supply counts are checked every 10 seconds.